 Dungeon Crawl Stone Soup version 0.30-a0-1043-g60ff8d5f49 (webtiles) character file.

Game seed: 13179409360221921562

3735 Pimp the Poker (level 9, -1/71 HPs)
             Began as a Demonspawn Fighter on Apr 10, 2023.
             Was a Priest of Makhleb.
             Slain by a wyvern (6 damage)
             ... on level 9 of the Dungeon.
             The game lasted 00:15:27 (6996 turns).

Pimp the Poker (Demonspawn Fighter)                 Turns: 6996, Time: 00:15:27

Health: -1/71      AC:  9    Str: 17    XL:     9   Next: 93%
Magic:  9/9        EV: 14    Int: 11    God:    Makhleb [***...]
Gold:   418        SH:  6    Dex: 20    Spells: 8/8 levels left

rFire   . . .      SeeInvis .    q - +6 spear of Kirieb {drain, Dex+3}
rCold   . . .      Faith    .    c - +0 buckler
rNeg    . . .      Spirit   .    r - +0 leather armour "Qeol" {rElec Dex+2}
rPois   .          Reflect  .    (helmet restricted)
rElec   +          Rampage  .    (no cloak)
rCorr   .                        j - +0 pair of gloves
Will    .....                    l - +1 pair of boots
Stlth   +                        (no amulet)
HPRegen 0.31/turn                (no ring)
MPRegen 0.11/turn                (no ring)

@: no status effects
A: antennae 2, thin metallic scales 1, powered by death 1
a: Renounce Religion, Minor Destruction, Lesser Servant of Makhleb


You were on level 9 of the Dungeon.
You worshipped Makhleb.
Makhleb was most pleased with you.
You visited 2 branches of the dungeon, and saw 10 of its levels.
You also visited: Sewer.

You collected 418 gold pieces.

Inventory:

Hand Weapons
 a - a +1 long sword of venom
 q - the +6 spear of Kirieb (weapon) {drain, Dex+3}
   (You found it on level 2 of the Dungeon)

   Dex:       It affects your dexterity (+3).
Missiles
 f - 2 throwing nets (quivered)
Armour
 b - a +0 scale mail
 c - a +0 buckler (worn)
 i - a +0 pair of boots
 j - a +0 pair of gloves (worn)
 l - a +1 pair of boots (worn)
 r - the +0 leather armour "Qeol" (worn) {rElec Dex+2}
   (You found it on level 2 of the Dungeon)

   Dex:       It affects your dexterity (+2).
   rElec:     It insulates you from electricity.
 s - a +0 troll leather armour {Pargi}
Jewellery
 y - a ring of poison resistance
 z - a ring of fire
 F - a ring of positive energy
Wands
 C - a wand of paralysis (10)
Scrolls
 g - a scroll of amnesia
 k - 3 scrolls of brand weapon
 o - a scroll of enchant armour {unknown}
 p - a scroll of fog
 t - a scroll of enchant weapon
 x - 5 scrolls of identify {unknown}
 A - a scroll of torment {unknown}
 B - 5 scrolls of teleportation
 E - a scroll of silence {unknown}
Potions
 d - 2 potions of might
 e - 2 potions of curing
 h - 3 potions of mutation {unknown}
 m - a potion of flight {unknown}
 n - 4 potions of ambrosia {unknown}
 u - 3 potions of cancellation {unknown}
 v - 3 potions of heal wounds {unknown}
 w - 2 potions of lignification {unknown}
 D - 2 potions of degeneration {unknown}


   Skills:
 + Level 6.6 Fighting
 - Level 2.4 Long Blades
 * Level 7.2 Polearms
 + Level 6.1 Armour
 + Level 4.8 Dodging
 + Level 6.1 Shields


You had 8 spell levels left.
You didn't know any spells.
Your spell library contained the following spells:

 Spells                   Type           Power      Damage    Failure   Level
 Apportation              Tloc           0%         N/A       47%         1
 Cigotuvi's Dreadful Rot  Necr/Pois/Air  0%         N/A       63%         2
 Poisonous Vapours        Pois/Air       0%         N/A       63%         2
 Ignite Poison            Fire/Tmut/Pois 0%         N/A       85%         3
 Inner Flame              Hex/Fire       0%         N/A       85%         3
 Mephitic Cloud           Conj/Pois/Air  0%         N/A       85%         3
 Flame Wave               Conj/Fire      0%         2d4       99%         4
 Sticky Flame             Conj/Fire      0%         2d3       99%         4
 Alistair's Intoxication  Tmut/Pois      0%         N/A       100%        5
 Blade Hands              Tmut           0%         N/A       100%        5
 Freezing Cloud           Conj/Ice/Air   0%         6-21      100%        5
 Irradiate                Conj/Tmut      0%         3d11      100%        5
 Dragon Form              Tmut           0%         N/A       100%        7


Dungeon Overview and Level Annotations

Branches:
Dungeon (9/15)             Temple (1/1) D:4           Sewer (visited)
   Lair: D:8-11         Orc: D:9-12

Altars:
Ashenzari
Cheibriados
Dithmenos
Fedhas
Gozag
Kikubaaqudgha
Makhleb
Nemelex Xobeh
Okawaru
Qazlal
Sif Muna
Trog
Uskayaw
Wu Jian
Xom
Yredelemnul

Annotations:
D:8 2 transporters, Gastronok


Innate Abilities, Weirdness & Mutations

You have a pair of antennae on your head.
You are partially covered in thin metallic scales. (AC +2)
You regenerate a little health from kills.


Message History

You climb downwards.
You hear the roar of battle.
There is an entrance to a bailey on this level.
Hurry and find it before the portal closes forever!
The gnoll shouts!
The gnoll sergeant shouts!
You hear an angry hiss.
Found a stone staircase leading down.
There is a stone staircase leading up here.
The gnoll shouts!
You puncture the wyvern!
You kill the wyvern!
Makhleb accepts your kill.
You feel better.
A wyvern comes into view.
You hit the gnoll. You drain the gnoll.
The gnoll is severely wounded.
The gnoll closely misses you.
You puncture the gnoll!
You kill the gnoll!
Makhleb accepts your kill.
You feel better.
The gnoll sergeant hits you but does no damage.
You are poisoned.
You block the gnoll's attack.
You feel sick. The wyvern misses you. The gnoll sergeant barely misses you.
You see here a +0 flail.
You feel sick. The wyvern closely misses you.
The wyvern bites you but does no damage.
The gnoll attacks as you move away! The gnoll barely misses you.
Found a scroll labelled LENUMI KUEDEXI.
You feel sick. The wyvern bites you!
* * * LOW HITPOINT WARNING * * *
You feel sick. The wyvern barely misses you.
You feel sick. The wyvern attacks as you move away!
You block the wyvern's attack.
Found a scroll labelled EVUS SALLOAF.
You feel sick. The wyvern closely misses you.
You feel sick.
You are no longer poisoned.
You barely miss the wyvern. The wyvern bites you!
* * * LOW HITPOINT WARNING * * *
You barely miss the wyvern. The wyvern bites you.
You die...

##########
#..<).g..#
#### .
#>.g.g.{.#
..?##..
#..####g.#
....... #..
###?.##.......
#.. #....l@..#
#..
#.#..####.....
#.. #.#..# ...
#.. .....# #
......#
######.# #.#
#.


You could see a wyvern, a gnoll sergeant and a gnoll.

Vanquished Creatures
  A shadow (D:7)
  A wyvern (D:9)
  A wraith (D:6)
  A steam dragon (D:8)
  Edmund (D:5)
  Duvessa (D:5)
  Pargi (Sewer)
  4 orc warriors
  3 ogres
  A centaur (D:7)
  A kobold brigand (D:8)
  4 bullfrogs
  A gnoll sergeant (D:8)
  3 scorpions
  3 wights (D:6)
  Dowan (D:5)
  4 killer bees (D:7)
  2 howler monkeys (D:4)
  2 hounds
  2 jellies
  5 orc priests
  2 sleepcaps (D:5)
  10 iguanas
  10 orc wizards
  6 gnolls
  6 adders
  2 white imps
  An ufetubus (D:4)
  3 worms
  2 dart slugs (D:2)
  37 orcs
  8 bats
  5 endoplasms
  2 giant cockroaches
  8 goblins
  6 hobgoblins
  3 jackals (D:5)
  14 kobolds
  10 quokkas
  5 ball pythons
  4 frilled lizards
  7 rats
194 creatures vanquished.

Notes
Turn   | Place    | Note
-------+----------+-------------------------------------------
     0 | D:1      | Pimp the Demonspawn Fighter began the quest for the Orb.
     0 | D:1      | Reached XP level 1. HP: 18/18 MP: 1/1
   250 | D:1      | Gained mutation: You have a pair of small antennae on your
                  | head. [demonic ancestry]
   250 | D:1      | Reached XP level 2. HP: 24/24 MP: 2/2
   337 | D:1      | Found a faded altar of an unknown god.
  1019 | D:2      | Reached XP level 3. HP: 29/29 MP: 3/3
  1442 | D:2      | Identified the +6 spear of Kirieb {drain, Dex+3}
  1590 | D:2      | Identified the +0 leather armour "Qeol" {rElec Dex+2}
  1914 | D:3      | Found a glowing drain.
  1923 | Sewer    | Entered a sewer
  1950 | Sewer    | Noticed Pargi
  1961 | Sewer    | Killed Pargi
  1962 | Sewer    | Reached skill level 1 in Polearms
  1962 | Sewer    | Gained mutation: You regenerate a little health from kills.
                  | [demonic ancestry]
  1962 | Sewer    | Reached XP level 4. HP: 31/37 MP: 4/4
  1962 | Sewer    | Reached XP level 5. HP: 36/42 MP: 5/5
  2034 | D:3      | Reached skill level 1 in Dodging
  2604 | D:4      | Noticed an ogre
  2622 | D:4      | Killed an ogre
  2623 | D:4      | Reached skill level 2 in Polearms
  2623 | D:4      | Reached XP level 6. HP: 27/48 MP: 6/6
  2698 | D:4      | Found a staircase to the Ecumenical Temple.
  2748 | Temple   | Entered the Ecumenical Temple
  2775 | Temple   | Became a worshipper of Makhleb the Destroyer
  3104 | D:4      | Reached skill level 3 in Polearms
  3170 | D:4      | Gained mutation: You are partially covered in thin metallic
                  | scales. (AC +2) [demonic ancestry]
  3170 | D:4      | Reached XP level 7. HP: 23/55 MP: 7/7
  3187 | D:4      | Reached * piety under Makhleb
  3663 | D:5      | Entered Level 5 of the Dungeon
  3678 | D:5      | Noticed Duvessa
  3679 | D:5      | Noticed Dowan
  3710 | D:5      | Killed Duvessa
  3723 | D:5      | Killed Dowan
  3903 | D:5      | Reached skill level 4 in Polearms
  4028 | D:5      | Found a stormy altar of Qazlal.
  4241 | D:5      | Reached ** piety under Makhleb
  4290 | D:5      | Noticed Edmund
  4304 | D:5      | Killed Edmund
  4305 | D:5      | Gained mutation: You have a pair of antennae on your head.
                  | [demonic ancestry]
  4305 | D:5      | Reached XP level 8. HP: 51/61 MP: 8/8
  4345 | D:5      | Found an ornate altar of the Wu Jian Council.
  4376 | D:5      | Found an iron altar of Okawaru.
  4390 | D:5      | Reached skill level 5 in Fighting
  4681 | D:6      | Reached skill level 5 in Polearms
  4768 | D:6      | Reached skill level 5 in Shields
  4781 | D:6      | Reached skill level 5 in Armour
  5050 | D:6      | Reached XP level 9. HP: 23/69 MP: 9/9
  5477 | D:7      | Reached *** piety under Makhleb
  5478 | D:7      | Reached skill level 6 in Polearms
  5804 | D:7      | Found a bloodstained altar of Trog.
  6603 | D:8      | Reached skill level 7 in Polearms
  6647 | D:8      | Found a transporter.
  6648 | D:8      | Found a transporter.
  6648 | D:8      | Noticed a boulder beetle
  6695 | D:8      | Found a hide-covered altar of Uskayaw.
  6955 | D:8      | Noticed Gastronok
  6996 | D:9      | Slain by a wyvern

Illustrated notes

Levels and vault maps discovered:
D:1:      tarquinn_simple_flora_water_e, layout_loops_ring,
          ebering_ecumenical_altar_mist
D:2:      layout_loops_cross, basic_altar
D:3:      layout_loops_ring, cheibrodos_sewer_entry_sluice,
          chequers_serial_rivers_room_b
D:4:      layout_loops_ring, temple_fountains
D:5:      layout_rooms, mainiacjoe_overflow_24_doors, okawaru_gym_becter,
          mainiacjoe_overflow_small_starburst, roderic_serpentine_path,
          uniq_duvessa, uniq_edmund
D:6:      layout_rooms, minmay_crossroads
D:7:      lemuel_ice_spiral_2, layout_basic, mainiacjoe_overflow_brackets
D:8:      gammafunk_boulding_lane, layout_loops_ring,
          nzn_hepliaklqana_mist_gate, nicolae_uskayaw_dance_hall,
          vehumet_crystals, uniq_gastronok
D:9:      layout_loops_corners, mainiacjoe_overflow_surrounded_room,
          orc_0_dummy, enter_bailey_5, uniq_erica
Temple:   eino_temple_lava

Skill      XL: |  1  2  3  4  5  6  7  8  9 |
---------------+----------------------------+-----
Long Blades    | 2 |  2.4
Armour         | 3 4 5 6 |  6.1
Shields        | 3 4 5 6 |  6.1
Polearms       | 1 2 3 4 5 7 |  7.2
Dodging        | 1 2 3 4 |  4.8
Fighting       | 4 5 6 |  6.6

Action                     |  1- 3 |  4- 6 |  7- 9 || total
---------------------------+-------+-------+-------++-------
  Melee: Long sword        |   142 |       |       ||   142
         Spear             |    21 |   122 |   441 ||   584
    Use: Scroll            |     3 |     4 |       ||     7
         Potion            |       |       |     1 ||     1
   Stab: Sleeping          |       |     1 |     1 ||     2
 Armour: Scale mail        |    88 |       |       ||    88
         Leather armour    |    18 |    35 |   106 ||   159
  Dodge: Dodged            |    82 |    66 |   212 ||   360
  Block: Buckler           |    42 |    39 |   102 ||   183

Table legend: (Time is in decaauts)
 A = Elapsed time spent in this place.
 B = Non-inter-level travel time spent in this place.
 C = Inter-level travel time spent in this place.
 D = Time resting spent in this place.
 E = Time spent auto-exploring this place.
 F = Levels seen in this place.
 G = Mean time per level.
                   A        B        C        D        E       F      G
               +--------+--------+--------+--------+--------+-----+--------+
         Total |   7033 |   6588 |    445 |    760 |   4206 |  11 |  639.4 |
       Dungeon |   6872 |   6457 |    415 |    760 |   4153 |   9 |  763.6 |
        Temple |     36 |      6 |     30 |      0 |      0 |   1 |   36.0 |
         Sewer |    124 |    124 |      0 |      0 |     53 |   1 |  124.0 |
               +--------+--------+--------+--------+--------+-----+--------+

Top non-repeatable levels by time:
     D:7: 1215 daAuts
     D:4: 1024 daAuts
     D:2: 989 daAuts
     D:1: 930 daAuts
     D:5: 924 daAuts
     D:6: 666 daAuts
     D:3: 633 daAuts
     D:8: 476 daAuts
   Sewer: 124 daAuts
  Temple: 36 daAuts
     D:9: 10 daAuts
